[ AOE2 MATCH · #480200085 ]
UnrankedLithuanians vs Saracens
[ REPLAY ANALYSIS · EXTRACTED FROM THE RECORDED GAME ]
Feudal
13:41
Castle
17:20
Imperial
—
| APM avg | 17.5 |
| APM peak | 47 |
| eAPM avg | 11.4 |
| Villagers / military | 85 / 0 |
Focus
⚔️ 12.5% · 🌾 87.5%
Feudal
10:30
Castle
15:21
Imperial
—
| APM avg | 32.7 |
| APM peak | 102 |
| eAPM avg | 12.7 |
| Villagers / military | 52 / 8 |
Focus
⚔️ 12.4% · 🌾 87.6%
Monaspa ×8
Feudal
13:54
Castle
17:28
Imperial
—
| APM avg | 19.2 |
| APM peak | 28 |
| eAPM avg | 15.2 |
| Villagers / military | 58 / 11 |
Focus
⚔️ 24.8% · 🌾 75.2%
Knight ×9 · Monk ×1 · Camel Scout ×1
Feudal
14:44
Castle
—
Imperial
—
| APM avg | 19.9 |
| APM peak | 32 |
| eAPM avg | 11.8 |
| Villagers / military | 31 / 21 |
Focus
⚔️ 27.5% · 🌾 72.5%
Archer ×14 · Militia ×7
Feudal
14:06
Castle
—
Imperial
—
| APM avg | 30.9 |
| APM peak | 75 |
| eAPM avg | 16.4 |
| Villagers / military | 47 / 19 |
Focus
⚔️ 27.9% · 🌾 72.1%
Militia ×12 · Spearman ×7
Feudal
11:31
Castle
15:18
Imperial
—
| APM avg | 15.7 |
| APM peak | 24 |
| eAPM avg | 11.3 |
| Villagers / military | 81 / 25 |
Focus
⚔️ 15.2% · 🌾 84.8%
Archer ×25
Feudal
12:19
Castle
21:39
Imperial
—
| APM avg | 17.7 |
| APM peak | 46 |
| eAPM avg | 11.8 |
| Villagers / military | 52 / 0 |
Focus
⚔️ 6.1% · 🌾 93.9%
Feudal
12:29
Castle
16:47
Imperial
—
| APM avg | 12.9 |
| APM peak | 27 |
| eAPM avg | 9.1 |
| Villagers / military | 34 / 12 |
Focus
⚔️ 13.4% · 🌾 86.6%
Camel Scout ×12
Match map
Initial resources + every placement click. Lines = walls · curves = elevation contours. ◆ gold · ⬟ stone · ● berries · ✦ relic · ◌ wall gap
Your base· Open — opponent sealed themselves in
preCoss's base· Open — opponent sealed themselves in
emblazon3d's base· ✓ Closed at 17:28 · 24t walls · no gate
anserak_knadelbi's base· ✓ Closed at 22:52 · 58t walls · 1 gate(s)
.:LUSHO:.'s base· Open — opponent sealed themselves in
muammerkahraman1987's base· ✓ Closed at 15:18 · 0t walls · no gate
andres.sojo2809's base· Open — opponent sealed themselves in
JoeNature's base· ✓ Closed at 16:47 · 0t walls · no gate
Smoothed initial terrain · ◌ = detected wall gap · hover for details
Inputs per minute
— doncath44 - - preCoss
Build order — doncath44
142 actions detected in the replay
| 0:07 | Create | Villager (Male) ×5 |
| 0:08 | Create | Villager (Male) |
| 0:08 | Create | Villager (Male) |
| 0:10 | Build | House |
| 0:13 | Build | House |
| 0:58 | Build | Palisade Wall |
| 1:03 | Research | Loom |
| 1:03 | Create | Villager (Male) |
| 1:03 | Create | Villager (Male) |
| 1:03 | Create | Villager (Male) |
| 1:04 | Create | Villager (Male) |
| 1:46 | Create | Villager (Male) |
| 1:46 | Create | Villager (Male) |
| 2:27 | Create | Villager (Male) |
| 2:39 | Build | Palisade Wall |
| 2:42 | Create | Villager (Male) |
| 3:07 | Build | Lumber Camp |
| 3:22 | Create | Villager (Male) |
| 3:24 | Create | Villager (Male) |
| 4:11 | Create | Villager (Male) |
| 4:23 | Create | Villager (Male) |
| 4:23 | Create | Villager (Male) |
| 5:00 | Create | Villager (Male) |
| 5:01 | Create | Villager (Male) |
| 5:03 | Build | House |
| 5:18 | Create | Villager (Male) |
| 5:19 | Create | Villager (Male) |
| 5:34 | Create | Villager (Male) |
| 5:34 | Create | Villager (Male) |
| 5:57 | Build | Palisade Wall |
| 6:16 | Create | Villager (Male) |
| 6:30 | Create | Villager (Male) |
| 7:01 | Build | Palisade Wall |
| 7:04 | Create | Villager (Male) |
| 7:05 | Create | Villager (Male) |
| 7:18 | Create | Villager (Male) |
| 7:39 | Create | Villager (Male) |
| 7:45 | Build | House |
| 7:51 | Create | Villager (Male) |
| 7:55 | Build | House |
| 7:58 | Create | Villager (Male) |
| 8:14 | Build | House |
| 8:20 | Create | Villager (Male) |
| 8:39 | Create | Villager (Male) |
| 8:48 | Build | Mill |
| 8:59 | Create | Villager (Male) |
| 9:07 | Create | Villager (Male) |
| 9:36 | Create | Villager (Male) |
| 10:21 | Create | Villager (Male) |
| 10:44 | Build | Mining Camp |
| 11:08 | Research | Feudal Age |
| 13:02 | Create | Villager (Male) |
| 13:02 | Create | Villager (Male) |
| 13:41 | Age | Feudal Age |
| 13:44 | Build | Market |
| 13:47 | Build | Blacksmith |
| 14:40 | Research | Castle Age |
| 14:43 | Research | Double-Bit Axe |
| 14:50 | Build | Stone Wall |
| 14:53 | Build | Farm |
| 14:58 | Build | Farm |
| 14:59 | Build | Farm |
| 15:07 | Build | Farm |
| 15:09 | Build | Farm |
| 16:08 | Research | Horse Collar |
| 16:10 | Research | Gold Mining |
| 16:50 | Build | Stone Wall |
| 17:20 | Age | Castle Age |
| 17:23 | Build | Gate |
| 17:37 | Create | Villager (Male) |
| 17:37 | Create | Villager (Male) |
| 17:42 | Create | Villager (Male) |
| 17:46 | Build | Town Center |
| 17:49 | Create | Villager (Male) |
| 17:49 | Create | Villager (Male) |
| 17:53 | Create | Villager (Male) |
| 17:59 | Build | Town Center |
| 18:01 | Create | Villager (Male) |
| 18:10 | Create | Villager (Male) |
| 18:25 | Create | Villager (Male) |
| 18:33 | Build | House |
| 18:40 | Create | Villager (Male) |
| 18:55 | Research | Bow Saw |
| 19:00 | Create | Villager (Male) |
| 19:00 | Create | Villager (Male) |
| 19:00 | Create | Villager (Male) |
| 19:01 | Create | Villager (Male) |
| 19:01 | Create | Villager (Male) |
| 19:10 | Build | Farm |
| 19:14 | Research | Heavy Plow |
| 19:18 | Build | Farm |
| 19:24 | Create | Villager (Male) |
| 19:24 | Create | Villager (Male) |
| 19:24 | Create | Villager (Male) |
| 19:32 | Build | Farm |
| 19:34 | Build | Farm |
| 19:35 | Build | Farm |
| 19:38 | Build | Farm |
| 19:45 | Build | Farm |
| 19:47 | Build | Farm |
| 19:51 | Build | Farm |
| 19:56 | Create | Villager (Male) |
| 19:56 | Create | Villager (Male) |
| 20:13 | Create | Villager (Male) |
| 20:24 | Build | Town Center |
| 20:25 | Create | Villager (Male) |
| 20:53 | Create | Villager (Male) |
| 20:54 | Create | Villager (Male) |
| 21:00 | Build | Farm |
| 21:03 | Build | Farm |
| 21:05 | Build | Farm |
| 21:09 | Create | Villager (Male) |
| 21:09 | Create | Villager (Male) |
| 21:28 | Build | Town Center |
| 21:34 | Create | Villager (Male) |
| 21:34 | Create | Villager (Male) |
| 21:34 | Create | Villager (Male) |
| 21:43 | Build | House |
| 21:44 | Build | House |
| 21:44 | Build | House |
| 21:49 | Create | Villager (Male) |
| 21:50 | Create | Villager (Male) |
| 21:50 | Create | Villager (Male) |
| 21:52 | Create | Villager (Male) |
| 21:52 | Create | Villager (Male) |
| 22:09 | Research | Wheelbarrow |
| 22:26 | Create | Villager (Male) |
| 22:26 | Create | Villager (Male) |
| 22:27 | Create | Villager (Male) |
| 22:29 | Build | Farm |
| 22:42 | Build | Farm |
| 22:42 | Build | Farm |
| 22:43 | Build | Farm |
| 22:54 | Create | Villager (Male) |
| 22:54 | Create | Villager (Male) |
| 22:58 | Build | Farm |
| 23:01 | Build | Farm |
| 23:14 | Create | Villager (Male) |
| 23:14 | Create | Villager (Male) |
| 23:15 | Create | Villager (Male) |
| 23:15 | Create | Villager (Male) |
| 23:19 | Build | Farm |
Build order — preCoss
113 actions detected in the replay
| 0:01 | Create | Villager (Male) |
| 0:02 | Create | Villager (Male) |
| 0:02 | Create | Villager (Male) |
| 0:03 | Build | House |
| 0:04 | Build | House |
| 0:08 | Create | Villager (Male) |
| 0:08 | Create | Villager (Male) |
| 1:27 | Create | Villager (Male) |
| 2:02 | Create | Villager (Male) |
| 2:18 | Create | Villager (Male) |
| 2:18 | Create | Villager (Male) |
| 2:50 | Create | Villager (Male) |
| 2:50 | Create | Villager (Male) |
| 3:06 | Create | Villager (Male) |
| 3:06 | Create | Villager (Male) |
| 3:37 | Create | Villager (Male) |
| 3:38 | Create | Villager (Male) |
| 3:50 | Build | House |
| 4:04 | Create | Villager (Male) |
| 4:35 | Create | Villager (Male) |
| 4:35 | Create | Villager (Male) |
| 4:57 | Create | Villager (Male) |
| 4:57 | Create | Villager (Male) |
| 5:01 | Build | Mule Cart |
| 5:26 | Create | Villager (Male) |
| 5:27 | Create | Villager (Male) |
| 5:42 | Create | Villager (Male) |
| 5:49 | Build | House |
| 6:08 | Build | House |
| 6:21 | Create | Villager (Male) |
| 6:21 | Create | Villager (Male) |
| 6:21 | Create | Villager (Male) |
| 6:43 | Build | Mill |
| 6:52 | Build | House |
| 7:42 | Create | Villager (Male) |
| 8:20 | Research | Feudal Age |
| 8:20 | Research | Feudal Age |
| 9:23 | Create | Villager (Male) |
| 9:23 | Create | Villager (Male) |
| 10:30 | Age | Feudal Age |
| 11:02 | Build | Market |
| 11:05 | Build | Blacksmith |
| 11:28 | Create | Villager (Male) |
| 11:58 | Research | Loom |
| 12:41 | Research | Castle Age |
| 12:55 | Research | Double-Bit Axe |
| 13:02 | Build | Farm |
| 13:02 | Build | Farm |
| 13:35 | Build | Farm |
| 14:59 | Create | Villager (Male) |
| 15:04 | Research | Wheelbarrow |
| 15:21 | Age | Castle Age |
| 15:42 | Build | House |
| 15:44 | Create | Villager (Male) |
| 16:06 | Research | Bow Saw |
| 16:52 | Build | Castle |
| 17:22 | Build | Castle |
| 17:28 | Create | Villager (Male) |
| 17:49 | Build | Town Center |
| 17:57 | Create | Villager (Male) |
| 17:59 | Build | Farm |
| 18:18 | Create | Villager (Male) |
| 18:32 | Build | Farm |
| 18:44 | Build | Mule Cart |
| 18:45 | Create | Monaspa |
| 18:54 | Build | Farm |
| 19:01 | Build | Farm |
| 19:06 | Build | Farm |
| 19:09 | Build | Farm |
| 19:12 | Build | Farm |
| 19:16 | Create | Villager (Male) |
| 19:29 | Create | Monaspa |
| 19:29 | Create | Monaspa |
| 19:47 | Build | Farm |
| 19:54 | Build | Farm |
| 19:55 | Create | Villager (Male) |
| 20:10 | Create | Villager (Male) |
| 20:25 | Create | Monaspa |
| 20:34 | Create | Villager (Male) |
| 20:55 | Create | Villager (Male) |
| 20:55 | Create | Villager (Male) |
| 20:58 | Build | Farm |
| 20:58 | Build | Farm |
| 21:23 | Create | Monaspa |
| 21:24 | Create | Villager (Male) |
| 21:32 | Create | Villager (Male) |
| 21:36 | Build | Farm |
| 21:36 | Build | Farm |
| 21:36 | Build | Farm |
| 21:37 | Build | Farm |
| 21:42 | Create | Villager (Male) |
| 22:01 | Create | Villager (Male) |
| 22:01 | Create | Villager (Male) |
| 22:03 | Build | Farm |
| 22:04 | Build | Farm |
| 22:11 | Build | House |
| 22:23 | Build | Stone Wall |
| 22:28 | Build | Stone Wall |
| 22:31 | Create | Villager (Male) |
| 22:31 | Create | Villager (Male) |
| 22:33 | Build | Farm |
| 22:36 | Build | Farm |
| 22:38 | Create | Villager (Male) |
| 22:45 | Build | House |
| 22:51 | Create | Villager (Male) |
| 22:51 | Create | Villager (Male) |
| 22:59 | Build | Farm |
| 22:59 | Build | Farm |
| 23:03 | Create | Monaspa |
| 23:04 | Create | Monaspa |
| 23:04 | Create | Monaspa |
| 23:12 | Build | Farm |
| 23:15 | Create | Villager (Male) |
Build order — emblazon3d
142 actions detected in the replay
| 0:02 | Create | Villager (Male) |
| 0:04 | Build | House |
| 0:05 | Build | House |
| 0:12 | Create | Villager (Male) |
| 0:12 | Create | Villager (Male) |
| 0:13 | Create | Villager (Male) |
| 0:13 | Create | Villager (Male) |
| 0:13 | Create | Villager (Male) |
| 1:16 | Research | Loom |
| 1:17 | Create | Villager (Male) |
| 1:17 | Create | Villager (Male) |
| 1:38 | Build | Palisade Wall |
| 1:51 | Create | Villager (Male) |
| 1:51 | Create | Villager (Male) |
| 2:05 | Create | Villager (Male) |
| 2:43 | Create | Villager (Male) |
| 2:43 | Create | Villager (Male) |
| 3:12 | Create | Villager (Male) |
| 3:13 | Create | Villager (Male) |
| 3:13 | Create | Villager (Male) |
| 3:39 | Build | House |
| 3:50 | Create | Villager (Male) |
| 3:50 | Create | Villager (Male) |
| 3:50 | Create | Villager (Male) |
| 4:06 | Build | Lumber Camp |
| 4:14 | Create | Villager (Male) |
| 4:15 | Create | Villager (Male) |
| 4:23 | Build | House |
| 4:59 | Create | Villager (Male) |
| 4:59 | Create | Villager (Male) |
| 5:00 | Create | Villager (Male) |
| 5:13 | Build | Palisade Wall |
| 5:21 | Create | Villager (Male) |
| 5:21 | Create | Villager (Male) |
| 5:22 | Create | Villager (Male) |
| 6:01 | Build | Palisade Wall |
| 6:17 | Create | Villager (Male) |
| 6:17 | Create | Villager (Male) |
| 6:17 | Create | Villager (Male) |
| 6:18 | Create | Villager (Male) |
| 6:29 | Create | Villager (Male) |
| 6:29 | Create | Villager (Male) |
| 7:09 | Build | Mill |
| 7:43 | Create | Villager (Male) |
| 7:43 | Create | Villager (Male) |
| 7:43 | Create | Villager (Male) |
| 7:44 | Create | Villager (Male) |
| 7:44 | Create | Villager (Male) |
| 7:56 | Create | Villager (Male) |
| 7:59 | Build | House |
| 8:00 | Build | House |
| 8:16 | Create | Villager (Male) ×2 |
| 9:20 | Build | Barracks |
| 10:09 | Create | Villager (Male) |
| 10:10 | Create | Villager (Male) |
| 10:15 | Build | Farm |
| 11:00 | Build | House |
| 11:13 | Create | Villager (Male) |
| 11:17 | Build | House |
| 11:36 | Research | Feudal Age |
| 11:52 | Build | Mining Camp |
| 12:13 | Create | Villager (Male) |
| 12:14 | Create | Villager (Male) |
| 13:10 | Build | House |
| 13:27 | Build | House |
| 13:54 | Age | Feudal Age |
| 13:57 | Build | Market |
| 14:02 | Build | Blacksmith |
| 14:14 | Research | Double-Bit Axe |
| 14:22 | Research | Horse Collar |
| 14:48 | Research | Castle Age |
| 14:48 | Research | Castle Age |
| 14:48 | Research | Castle Age |
| 15:15 | Build | Stable |
| 15:32 | Build | Farm |
| 16:17 | Build | Farm |
| 16:17 | Build | Farm |
| 16:18 | Build | Farm |
| 16:39 | Build | House |
| 16:40 | Build | House |
| 16:45 | Build | Lumber Camp |
| 16:53 | Build | Lumber Camp |
| 16:57 | Research | Wheelbarrow |
| 17:28 | Age | Castle Age |
| 17:29 | Research | Bow Saw |
| 17:39 | Build | Siege Workshop |
| 17:43 | Create | Knight |
| 17:46 | Research | Scale Barding Armor |
| 17:49 | Create | Villager (Male) |
| 17:56 | Build | Farm |
| 18:02 | Build | Farm |
| 18:12 | Build | Farm |
| 18:15 | Create | Villager (Male) |
| 18:29 | Build | House |
| 18:35 | Build | Farm |
| 18:41 | Build | Farm |
| 18:46 | Build | Farm |
| 18:50 | Create | Camel Scout |
| 19:11 | Build | Farm |
| 19:14 | Build | Farm |
| 19:17 | Build | Farm |
| 19:20 | Create | Knight |
| 19:30 | Build | Farm |
| 19:35 | Create | Villager (Male) |
| 19:40 | Build | Farm |
| 19:44 | Build | Farm |
| 19:51 | Create | Villager (Male) |
| 19:57 | Create | Knight |
| 20:02 | Build | Farm |
| 20:06 | Build | Farm |
| 20:14 | Build | Farm |
| 20:22 | Create | Villager (Male) |
| 20:28 | Create | Knight |
| 20:44 | Create | Villager (Male) |
| 20:51 | Research | Gold Mining |
| 20:56 | Create | Knight |
| 21:28 | Research | Husbandry |
| 21:34 | Create | Villager (Male) |
| 21:46 | Build | Monastery |
| 21:47 | Build | House |
| 21:50 | Create | Villager (Male) |
| 21:55 | Build | House |
| 22:04 | Research | Forging |
| 22:11 | Create | Knight |
| 22:20 | Create | Villager (Male) |
| 22:28 | Build | Farm |
| 22:29 | Build | Farm |
| 22:30 | Build | Farm |
| 22:32 | Build | Farm |
| 22:36 | Research | Heavy Plow |
| 22:41 | Create | Knight |
| 22:46 | Build | Farm |
| 23:01 | Create | Villager (Male) |
| 23:08 | Create | Knight |
| 23:21 | Build | Farm |
| 23:25 | Build | Farm |
| 23:28 | Build | Farm |
| 23:31 | Build | Farm |
| 23:37 | Create | Villager (Male) |
| 23:39 | Create | Knight |
| 23:45 | Create | Villager (Male) |
| 23:48 | Create | Monk |
Build order — anserak_knadelbi
116 actions detected in the replay
| 0:03 | Create | Villager (Male) |
| 0:03 | Create | Villager (Male) |
| 0:04 | Build | House |
| 0:06 | Build | House |
| 0:32 | Create | Villager (Male) |
| 0:33 | Create | Villager (Male) |
| 0:33 | Create | Villager (Male) |
| 1:43 | Create | Villager (Male) |
| 1:43 | Create | Villager (Male) |
| 2:09 | Create | Villager (Male) |
| 2:12 | Research | Loom |
| 2:35 | Create | Villager (Male) |
| 2:36 | Create | Villager (Male) |
| 3:51 | Build | House |
| 4:08 | Build | Palisade Wall |
| 4:17 | Create | Villager (Male) |
| 4:26 | Create | Villager (Male) |
| 4:33 | Create | Villager (Male) |
| 4:33 | Create | Villager (Male) |
| 4:44 | Create | Villager (Male) |
| 5:15 | Build | Palisade Wall |
| 5:19 | Create | Villager (Male) |
| 5:26 | Create | Villager (Male) |
| 5:32 | Build | Lumber Camp |
| 6:05 | Build | Palisade Wall |
| 6:13 | Create | Villager (Male) |
| 6:39 | Build | Palisade Wall |
| 6:47 | Build | Palisade Wall |
| 6:50 | Create | Villager (Male) |
| 6:56 | Build | Outpost |
| 7:06 | Create | Villager (Male) |
| 7:16 | Build | House |
| 7:26 | Create | Villager (Male) |
| 7:34 | Create | Villager (Male) |
| 7:51 | Build | Palisade Wall |
| 8:01 | Build | Palisade Wall |
| 8:11 | Build | Palisade Wall |
| 8:13 | Create | Villager (Male) |
| 8:16 | Build | House |
| 8:39 | Build | Palisade Wall |
| 8:42 | Build | Palisade Wall |
| 8:50 | Build | Palisade Wall |
| 8:58 | Build | Palisade Wall |
| 9:02 | Create | Villager (Male) |
| 9:13 | Build | Mill |
| 9:26 | Create | Villager (Male) |
| 10:06 | Build | Palisade Wall |
| 10:10 | Create | Villager (Male) |
| 10:35 | Build | Barracks |
| 11:12 | Build | House |
| 11:24 | Build | Mining Camp |
| 11:55 | Build | House |
| 12:01 | Create | Militia |
| 12:02 | Create | Militia |
| 12:06 | Build | House |
| 12:20 | Build | House |
| 12:24 | Build | House |
| 12:31 | Create | Militia |
| 12:34 | Research | Feudal Age |
| 12:54 | Build | House |
| 13:03 | Build | Palisade Wall |
| 13:11 | Create | Militia |
| 13:22 | Build | Palisade Wall |
| 13:28 | Create | Militia |
| 13:38 | Build | Mining Camp |
| 14:15 | Create | Villager (Male) |
| 14:44 | Age | Feudal Age |
| 14:47 | Research | Man-at-Arms (upgrade) |
| 14:55 | Build | Palisade Gate |
| 15:26 | Build | Blacksmith |
| 15:33 | Create | Militia |
| 15:33 | Create | Militia |
| 15:52 | Build | Archery Range |
| 16:01 | Research | Fletching |
| 16:19 | Build | Farm |
| 16:21 | Build | Farm |
| 16:37 | Research | Padded Archer Armor |
| 16:41 | Create | Archer |
| 16:41 | Create | Archer |
| 16:58 | Create | Villager (Male) |
| 17:02 | Build | Farm |
| 17:03 | Build | Farm |
| 17:22 | Build | House |
| 18:01 | Create | Archer |
| 18:31 | Build | Archery Range |
| 18:41 | Research | Double-Bit Axe |
| 18:45 | Create | Villager (Male) |
| 18:48 | Build | Farm |
| 18:50 | Build | Farm |
| 18:51 | Build | Farm |
| 19:11 | Build | Farm |
| 19:12 | Build | Farm |
| 19:19 | Create | Archer |
| 19:20 | Create | Archer |
| 19:20 | Create | Archer |
| 19:47 | Create | Archer |
| 19:47 | Create | Archer |
| 19:55 | Create | Villager (Male) |
| 19:55 | Create | Villager (Male) |
| 20:00 | Build | Farm |
| 20:03 | Build | Farm |
| 20:15 | Build | Farm |
| 20:16 | Build | Farm |
| 20:27 | Create | Archer |
| 20:27 | Create | Archer |
| 20:58 | Build | Outpost |
| 21:00 | Build | Outpost |
| 21:07 | Create | Archer |
| 21:07 | Create | Archer |
| 21:25 | Build | House |
| 21:27 | Build | House |
| 21:30 | Build | House |
| 22:52 | Research | Castle Age |
| 23:08 | Create | Archer |
| 23:08 | Create | Archer |
| 23:26 | Build | Archery Range |
Build order — .:LUSHO:.
111 actions detected in the replay
| 0:01 | Create | Villager (Male) |
| 0:02 | Build | House |
| 0:04 | Build | House |
| 0:04 | Create | Villager (Male) |
| 0:09 | Create | Villager (Male) |
| 0:09 | Create | Villager (Male) |
| 0:10 | Create | Villager (Male) |
| 0:18 | Research | Loom |
| 0:22 | Create | Villager (Male) |
| 0:36 | Create | Villager (Male) |
| 0:41 | Create | Villager (Male) |
| 1:34 | Build | Lumber Camp |
| 2:36 | Build | Palisade Wall |
| 2:38 | Create | Villager (Male) |
| 3:10 | Create | Villager (Male) |
| 3:10 | Create | Villager (Male) |
| 3:10 | Create | Villager (Male) |
| 4:03 | Create | Villager (Male) |
| 4:31 | Create | Villager (Male) |
| 5:04 | Create | Villager (Male) |
| 5:21 | Create | Villager (Male) |
| 5:40 | Build | House |
| 6:15 | Create | Villager (Male) |
| 6:17 | Create | Villager (Male) |
| 6:28 | Build | Mill |
| 6:41 | Build | Mill |
| 6:42 | Create | Villager (Male) |
| 6:55 | Create | Villager (Male) |
| 7:10 | Build | Palisade Wall |
| 7:13 | Build | Palisade Wall |
| 7:24 | Create | Villager (Male) |
| 8:07 | Create | Villager (Male) |
| 8:23 | Create | Villager (Male) |
| 8:57 | Build | House |
| 9:28 | Build | Barracks |
| 9:50 | Create | Villager (Male) |
| 9:55 | Build | House |
| 10:01 | Create | Villager (Male) |
| 10:22 | Create | Villager (Male) |
| 10:33 | Create | Militia |
| 10:33 | Create | Militia |
| 10:40 | Create | Villager (Male) |
| 10:58 | Build | House |
| 11:03 | Build | Mining Camp |
| 11:08 | Create | Villager (Male) |
| 11:28 | Build | House |
| 11:31 | Build | House |
| 11:33 | Build | House |
| 11:40 | Create | Villager (Male) |
| 11:56 | Research | Feudal Age |
| 12:48 | Build | Lumber Camp |
| 12:54 | Create | Militia |
| 13:15 | Create | Villager (Male) |
| 13:26 | Create | Villager (Male) |
| 13:41 | Create | Villager (Male) |
| 14:06 | Age | Feudal Age |
| 14:13 | Build | Watch Tower |
| 14:21 | Research | Man-at-Arms (upgrade) |
| 14:22 | Create | Militia |
| 14:25 | Create | Villager (Male) |
| 15:07 | Create | Militia |
| 15:08 | Create | Villager (Male) |
| 15:13 | Build | Farm |
| 15:13 | Build | Farm |
| 15:14 | Build | Farm |
| 15:14 | Build | Farm |
| 15:14 | Build | Farm |
| 15:48 | Create | Militia |
| 15:49 | Create | Militia |
| 15:53 | Create | Villager (Male) |
| 15:59 | Build | Farm |
| 15:59 | Build | Farm |
| 16:15 | Research | Arson |
| 16:40 | Build | Farm |
| 16:40 | Build | Farm |
| 16:40 | Build | Farm |
| 16:49 | Build | Market |
| 17:09 | Create | Militia |
| 17:26 | Build | Watch Tower |
| 17:41 | Build | Watch Tower |
| 18:12 | Build | Watch Tower |
| 18:20 | Create | Militia |
| 18:21 | Create | Militia |
| 18:49 | Create | Villager (Male) |
| 18:53 | Create | Militia |
| 18:55 | Create | Militia |
| 18:56 | Create | Villager (Male) |
| 19:09 | Build | Farm |
| 19:10 | Build | Farm |
| 19:10 | Build | Farm |
| 19:11 | Build | Farm |
| 19:25 | Build | Mining Camp |
| 19:38 | Create | Villager (Male) |
| 19:39 | Create | Villager (Male) |
| 19:52 | Create | Villager (Male) |
| 20:08 | Create | Villager (Male) |
| 20:08 | Create | Villager (Male) |
| 20:33 | Create | Spearman |
| 20:33 | Create | Spearman |
| 20:38 | Create | Villager (Male) |
| 20:38 | Create | Villager (Male) |
| 21:11 | Create | Villager (Male) |
| 21:12 | Create | Villager (Male) |
| 21:12 | Create | Villager (Male) |
| 21:22 | Build | Barracks |
| 21:35 | Build | Watch Tower |
| 21:45 | Create | Spearman |
| 22:21 | Create | Spearman |
| 22:22 | Create | Spearman |
| 22:46 | Create | Spearman |
| 22:46 | Create | Spearman |
Build order — muammerkahraman1987
First 150 of 174 actions detected
| 0:02 | Create | Villager (Male) |
| 0:02 | Create | Villager (Male) |
| 0:02 | Create | Villager (Male) |
| 0:05 | Build | House |
| 0:10 | Build | House |
| 0:39 | Create | Villager (Male) |
| 0:39 | Create | Villager (Male) |
| 0:39 | Create | Villager (Male) |
| 1:26 | Build | Lumber Camp |
| 1:43 | Create | Villager (Male) |
| 1:43 | Create | Villager (Male) |
| 1:44 | Create | Villager (Male) |
| 2:08 | Create | Villager (Male) |
| 2:08 | Create | Villager (Male) |
| 2:08 | Create | Villager (Male) |
| 2:28 | Create | Villager (Male) |
| 2:28 | Create | Villager (Male) |
| 2:28 | Create | Villager (Male) |
| 2:59 | Research | Loom |
| 3:05 | Create | Villager (Male) |
| 3:05 | Create | Villager (Male) |
| 3:05 | Create | Villager (Male) |
| 3:36 | Create | Villager (Male) |
| 3:36 | Create | Villager (Male) |
| 3:36 | Create | Villager (Male) |
| 4:02 | Build | Mill |
| 4:12 | Create | Villager (Male) |
| 4:12 | Create | Villager (Male) |
| 4:12 | Create | Villager (Male) |
| 4:21 | Build | House |
| 4:36 | Create | Villager (Male) |
| 4:36 | Create | Villager (Male) |
| 5:11 | Create | Villager (Male) |
| 5:11 | Create | Villager (Male) |
| 5:11 | Create | Villager (Male) |
| 5:47 | Create | Villager (Male) |
| 5:47 | Create | Villager (Male) |
| 6:04 | Create | Villager (Male) |
| 6:04 | Create | Villager (Male) |
| 6:04 | Create | Villager (Male) |
| 6:05 | Create | Villager (Male) |
| 6:24 | Create | Villager (Male) |
| 6:24 | Create | Villager (Male) |
| 6:45 | Build | Mill |
| 6:47 | Build | House |
| 6:51 | Build | House |
| 7:19 | Create | Villager (Male) |
| 7:19 | Create | Villager (Male) |
| 7:41 | Create | Villager (Male) |
| 8:13 | Build | Mining Camp |
| 8:50 | Create | Villager (Male) |
| 9:13 | Research | Feudal Age |
| 11:11 | Build | Farm |
| 11:13 | Build | Farm |
| 11:14 | Build | Farm |
| 11:31 | Age | Feudal Age |
| 11:36 | Build | Market |
| 11:45 | Build | Blacksmith |
| 11:48 | Create | Villager (Male) |
| 11:49 | Create | Villager (Male) |
| 11:49 | Create | Villager (Male) |
| 12:27 | Research | Castle Age |
| 12:27 | Research | Castle Age |
| 12:59 | Research | Double-Bit Axe |
| 13:02 | Research | Horse Collar |
| 13:33 | Build | Barracks |
| 14:41 | Create | Villager (Male) |
| 14:41 | Create | Villager (Male) |
| 14:42 | Create | Villager (Male) |
| 15:18 | Age | Castle Age |
| 15:27 | Build | Town Center |
| 15:48 | Build | Town Center |
| 16:33 | Build | Archery Range |
| 16:34 | Build | Archery Range |
| 16:38 | Create | Villager (Male) |
| 16:38 | Create | Villager (Male) |
| 16:42 | Create | Villager (Male) |
| 16:43 | Create | Villager (Male) |
| 16:57 | Build | Farm |
| 16:58 | Build | Farm |
| 17:00 | Build | Farm |
| 17:03 | Build | Farm |
| 17:05 | Build | Farm |
| 17:12 | Build | Farm |
| 17:14 | Build | Farm |
| 17:16 | Build | Farm |
| 17:23 | Create | Villager (Male) |
| 17:23 | Create | Villager (Male) |
| 17:29 | Build | Farm |
| 17:37 | Build | Farm |
| 17:56 | Build | House |
| 17:58 | Build | House |
| 17:59 | Build | House |
| 18:10 | Create | Villager (Male) |
| 18:20 | Create | Villager (Male) |
| 18:25 | Create | Villager (Male) |
| 18:44 | Create | Villager (Male) |
| 18:44 | Create | Villager (Male) |
| 18:45 | Create | Villager (Male) |
| 18:57 | Build | Farm |
| 19:00 | Build | Farm |
| 19:01 | Build | Farm |
| 19:03 | Build | Farm |
| 19:16 | Build | Archery Range |
| 19:28 | Create | Villager (Male) |
| 19:28 | Create | Villager (Male) |
| 19:29 | Create | Villager (Male) |
| 19:29 | Create | Villager (Male) |
| 19:29 | Create | Villager (Male) |
| 19:40 | Create | Villager (Male) |
| 19:41 | Create | Villager (Male) |
| 19:59 | Build | House |
| 20:00 | Build | House |
| 20:04 | Build | House |
| 20:05 | Build | House |
| 20:07 | Build | House |
| 20:08 | Build | House |
| 20:13 | Create | Villager (Male) |
| 20:17 | Create | Villager (Male) |
| 20:18 | Create | Villager (Male) |
| 20:28 | Build | House |
| 20:30 | Build | House |
| 20:39 | Create | Villager (Male) |
| 20:39 | Create | Villager (Male) |
| 20:39 | Create | Villager (Male) |
| 20:39 | Create | Villager (Male) |
| 20:51 | Create | Villager (Male) |
| 20:51 | Create | Villager (Male) |
| 21:07 | Create | Archer |
| 21:08 | Create | Archer |
| 21:08 | Create | Archer |
| 21:08 | Create | Archer |
| 21:09 | Create | Archer |
| 21:09 | Create | Archer |
| 21:09 | Create | Archer |
| 21:09 | Create | Archer |
| 21:10 | Create | Archer |
| 21:10 | Create | Archer |
| 21:10 | Create | Archer |
| 21:11 | Create | Archer |
| 21:11 | Create | Archer |
| 21:11 | Create | Archer |
| 21:35 | Research | Town Watch |
| 21:39 | Research | Wheelbarrow |
| 21:45 | Create | Villager (Male) |
| 21:45 | Create | Villager (Male) |
| 22:08 | Create | Villager (Male) |
| 22:08 | Create | Villager (Male) |
| 22:08 | Create | Villager (Male) |
| 22:08 | Create | Villager (Male) |
Build order — andres.sojo2809
125 actions detected in the replay
| 0:01 | Create | Villager (Male) |
| 0:01 | Create | Villager (Male) |
| 0:03 | Build | House |
| 0:04 | Build | House |
| 0:28 | Create | Villager (Male) |
| 0:28 | Create | Villager (Male) |
| 0:34 | Create | Villager (Male) |
| 0:34 | Create | Villager (Male) |
| 1:29 | Create | Villager (Male) |
| 1:29 | Create | Villager (Male) |
| 2:05 | Create | Villager (Male) |
| 2:06 | Create | Villager (Male) |
| 2:14 | Build | Lumber Camp |
| 2:16 | Create | Villager (Male) |
| 2:16 | Create | Villager (Male) |
| 2:58 | Create | Villager (Male) |
| 2:59 | Create | Villager (Male) |
| 3:14 | Research | Loom |
| 3:14 | Create | Villager (Male) |
| 3:14 | Create | Villager (Male) |
| 3:35 | Create | Villager (Male) |
| 3:35 | Create | Villager (Male) |
| 3:58 | Create | Villager (Male) |
| 3:58 | Create | Villager (Male) |
| 5:04 | Create | Villager (Male) |
| 5:04 | Create | Villager (Male) |
| 5:04 | Create | Villager (Male) |
| 5:15 | Create | Villager (Male) |
| 5:15 | Create | Villager (Male) |
| 5:24 | Build | House |
| 5:48 | Create | Villager (Male) |
| 6:30 | Create | Villager (Male) |
| 7:04 | Create | Villager (Male) |
| 7:16 | Build | House |
| 7:22 | Build | Mill |
| 7:41 | Create | Villager (Male) |
| 7:57 | Create | Villager (Male) |
| 8:01 | Build | House |
| 8:12 | Create | Villager (Male) |
| 8:43 | Build | Mill |
| 8:46 | Create | Villager (Male) |
| 9:18 | Create | Villager (Male) |
| 10:05 | Build | Lumber Camp |
| 10:15 | Research | Feudal Age |
| 10:16 | Research | Feudal Age |
| 11:05 | Create | Villager (Male) |
| 11:06 | Create | Villager (Male) |
| 11:41 | Build | House |
| 11:43 | Build | House |
| 11:46 | Build | House |
| 11:47 | Build | House |
| 11:55 | Create | Villager (Male) |
| 12:17 | Build | Farm |
| 12:19 | Age | Feudal Age |
| 12:24 | Build | Farm |
| 12:25 | Research | Horse Collar |
| 12:28 | Research | Double-Bit Axe |
| 12:28 | Research | Double-Bit Axe |
| 12:46 | Create | Villager (Male) |
| 13:01 | Create | Villager (Male) |
| 13:24 | Build | Mining Camp |
| 13:30 | Build | Farm |
| 13:30 | Build | Farm |
| 13:30 | Build | Farm |
| 13:31 | Build | Farm |
| 13:31 | Build | Farm |
| 13:31 | Build | Farm |
| 14:06 | Build | Watch Tower |
| 14:12 | Create | Villager (Male) |
| 14:13 | Create | Villager (Male) |
| 14:20 | Build | Farm |
| 14:24 | Create | Villager (Male) |
| 14:29 | Build | House |
| 14:31 | Build | House |
| 14:38 | Build | Farm |
| 14:47 | Build | Palisade Wall |
| 14:50 | Build | Palisade Wall |
| 15:19 | Create | Villager (Male) |
| 15:26 | Build | Farm |
| 15:29 | Build | Farm |
| 15:38 | Build | Blacksmith |
| 15:43 | Create | Villager (Male) |
| 15:44 | Create | Villager (Male) |
| 16:25 | Build | Lumber Camp |
| 16:27 | Build | Farm |
| 16:30 | Build | Farm |
| 16:34 | Build | Farm |
| 16:41 | Research | Wheelbarrow |
| 16:47 | Build | House |
| 16:48 | Build | House |
| 17:41 | Build | Mining Camp |
| 17:45 | Create | Villager (Male) |
| 18:01 | Build | Market |
| 18:03 | Create | Villager (Male) |
| 18:31 | Build | Farm |
| 18:35 | Create | Villager (Male) |
| 18:43 | Build | Mining Camp |
| 18:52 | Research | Stone Mining |
| 19:13 | Research | Castle Age |
| 19:21 | Build | House |
| 19:22 | Build | House |
| 19:24 | Build | House |
| 19:32 | Research | Gold Mining |
| 19:50 | Build | Stone Wall |
| 20:32 | Research | Town Watch |
| 21:12 | Build | Stone Wall |
| 21:25 | Build | House |
| 21:26 | Build | House |
| 21:28 | Build | House |
| 21:39 | Age | Castle Age |
| 21:44 | Build | Town Center |
| 22:04 | Build | Town Center |
| 22:09 | Research | Hand Cart |
| 22:30 | Build | Stone Wall |
| 22:46 | Research | Stone Shaft Mining |
| 22:48 | Research | Gold Shaft Mining |
| 22:49 | Research | Heavy Plow |
| 22:49 | Research | Heavy Plow |
| 22:50 | Research | Bow Saw |
| 22:50 | Research | Bow Saw |
| 23:13 | Create | Villager (Male) |
| 23:13 | Create | Villager (Male) |
| 23:14 | Create | Villager (Male) |
| 23:14 | Create | Villager (Male) |
| 23:14 | Create | Villager (Male) |
Build order — JoeNature
84 actions detected in the replay
| 0:06 | Create | Villager (Male) ×4 |
| 0:06 | Create | Villager (Male) ×4 |
| 0:10 | Build | House |
| 0:13 | Build | House |
| 0:49 | Build | Mill |
| 1:47 | Research | Loom |
| 2:04 | Create | Villager (Male) |
| 2:36 | Create | Villager (Male) |
| 2:41 | Build | House |
| 3:19 | Create | Villager (Male) |
| 3:19 | Create | Villager (Male) |
| 3:19 | Create | Villager (Male) |
| 4:32 | Create | Villager (Male) |
| 4:33 | Create | Villager (Male) |
| 4:55 | Create | Villager (Male) |
| 4:56 | Create | Villager (Male) |
| 4:56 | Create | Villager (Male) |
| 4:56 | Create | Villager (Male) |
| 5:03 | Build | Lumber Camp |
| 5:18 | Create | Villager (Male) |
| 5:52 | Create | Villager (Male) |
| 6:07 | Create | Villager (Male) |
| 6:09 | Create | Villager (Male) |
| 6:45 | Build | House |
| 7:01 | Build | Lumber Camp |
| 7:45 | Create | Villager (Male) |
| 7:48 | Create | Villager (Male) |
| 7:51 | Create | Villager (Male) |
| 8:09 | Build | Mill |
| 8:32 | Create | Villager (Male) |
| 8:48 | Build | Mining Camp |
| 8:51 | Create | Villager (Male) |
| 9:25 | Build | Mining Camp |
| 9:38 | Build | House |
| 10:19 | Research | Feudal Age |
| 10:52 | Build | Mill |
| 12:29 | Age | Feudal Age |
| 12:37 | Build | Barracks |
| 13:03 | Build | Blacksmith |
| 13:11 | Create | Villager (Male) |
| 13:28 | Build | Stable |
| 14:00 | Build | Stable |
| 14:07 | Research | Castle Age |
| 15:01 | Create | Camel Scout |
| 16:06 | Research | Bloodlines |
| 16:37 | Create | Camel Scout |
| 16:47 | Age | Castle Age |
| 16:57 | Research | Husbandry |
| 17:06 | Build | House |
| 17:19 | Build | Town Center |
| 17:29 | Research | Gold Mining |
| 17:33 | Create | Camel Scout |
| 18:14 | Create | Camel Scout |
| 18:15 | Create | Camel Scout |
| 18:39 | Create | Villager (Male) |
| 18:41 | Create | Villager (Male) |
| 19:21 | Create | Camel Scout |
| 19:42 | Create | Camel Scout |
| 19:59 | Create | Camel Scout |
| 20:09 | Build | Farm |
| 20:10 | Build | Farm |
| 20:17 | Build | Farm |
| 20:18 | Build | Farm |
| 20:20 | Build | Farm |
| 20:21 | Build | Farm |
| 20:24 | Create | Villager (Male) |
| 21:34 | Research | Forging |
| 21:38 | Build | Farm |
| 21:39 | Build | Farm |
| 21:40 | Build | Farm |
| 21:41 | Build | Farm |
| 21:42 | Build | Farm |
| 21:43 | Build | Farm |
| 21:45 | Build | Farm |
| 22:46 | Create | Camel Scout |
| 22:46 | Create | Camel Scout |
| 22:51 | Create | Camel Scout |
| 22:53 | Create | Camel Scout |
| 23:00 | Create | Villager (Male) |
| 23:05 | Create | Villager (Male) |
| 23:15 | Build | House |
| 23:18 | Build | House |
| 23:20 | Build | House |
| 23:21 | Build | House |
Match timeline
| 0:58 | doncath44 · wall_segment Palisade Wall x9 |
| 1:38 | emblazon3d · wall_segment Palisade Wall x13 |
| 2:36 | .:LUSHO:. · wall_segment Palisade Wall x13 |
| 2:39 | doncath44 · wall_segment Palisade Wall x10 |
| 4:08 | anserak_knadelbi · wall_segment Palisade Wall x7 |
| 5:13 | emblazon3d · wall_segment Palisade Wall x11 |
| 5:15 | anserak_knadelbi · wall_segment Palisade Wall x6 |
| 5:57 | doncath44 · wall_segment Palisade Wall x6 |
| 6:01 | emblazon3d · wall_segment Palisade Wall x7 |
| 6:05 | anserak_knadelbi · wall_segment Palisade Wall x3 |
| 6:39 | anserak_knadelbi · wall_segment Palisade Wall x2 |
| 6:47 | anserak_knadelbi · wall_segment Palisade Wall x10 |
| 7:01 | doncath44 · wall_segment Palisade Wall x7 |
| 7:10 | .:LUSHO:. · wall_segment Palisade Wall x12 |
| 7:13 | .:LUSHO:. · wall_segment Palisade Wall x4 |
| 7:51 | anserak_knadelbi · wall_segment Palisade Wall x1 |
| 8:01 | anserak_knadelbi · wall_segment Palisade Wall x2 |
| 8:11 | anserak_knadelbi · wall_segment Palisade Wall x1 |
| 8:39 | anserak_knadelbi · wall_segment Palisade Wall x3 |
| 8:42 | anserak_knadelbi · wall_segment Palisade Wall x3 |
| 8:50 | anserak_knadelbi · wall_segment Palisade Wall x9 |
| 8:58 | anserak_knadelbi · wall_segment Palisade Wall x7 |
| 9:20 | emblazon3d · first_building Barracks |
| 9:28 | .:LUSHO:. · first_building Barracks |
| 10:06 | anserak_knadelbi · wall_segment Palisade Wall x3 |
| 10:30 | preCoss · age_up feudal |
| 10:35 | anserak_knadelbi · first_building Barracks |
| 11:31 | muammerkahraman1987 · age_up feudal |
| 12:19 | andres.sojo2809 · age_up feudal |
| 12:29 | JoeNature · age_up feudal |
| 12:37 | JoeNature · first_building Barracks |
| 12:47 | preCoss · first_market_sell 100 wood |
| 12:52 | preCoss · first_market_buy 100 food |
| 13:03 | anserak_knadelbi · wall_segment Palisade Wall x1 |
| 13:22 | anserak_knadelbi · wall_segment Palisade Wall x1 |
| 13:28 | JoeNature · first_building Stable |
| 13:33 | muammerkahraman1987 · first_building Barracks |
| 13:41 | doncath44 · age_up feudal |
| 13:54 | emblazon3d · age_up feudal |
| 14:06 | .:LUSHO:. · age_up feudal |
| 14:44 | anserak_knadelbi · age_up feudal |
| 14:47 | andres.sojo2809 · wall_segment Palisade Wall x1 |
| 14:50 | doncath44 · wall_segment Stone Wall x8 |
| 14:50 | andres.sojo2809 · wall_segment Palisade Wall x1 |
| 15:15 | emblazon3d · first_building Stable |
| 15:18 | muammerkahraman1987 · age_up castle |
| 15:21 | preCoss · age_up castle |
| 15:52 | anserak_knadelbi · first_building Archery Range |
| 16:33 | muammerkahraman1987 · first_building Archery Range |
| 16:47 | JoeNature · age_up castle |
| 16:50 | doncath44 · wall_segment Stone Wall x8 |
| 16:52 | preCoss · first_building Castle |
| 17:20 | doncath44 · age_up castle |
| 17:28 | emblazon3d · age_up castle |
| 17:39 | emblazon3d · first_building Siege Workshop |
| 17:55 | doncath44 · first_market_buy 100 stone |
| 19:50 | andres.sojo2809 · wall_segment Stone Wall x10 |
| 21:12 | andres.sojo2809 · wall_segment Stone Wall x14 |
| 21:13 | doncath44 · first_market_sell 100 wood |
| 21:39 | andres.sojo2809 · age_up castle |
| 21:46 | emblazon3d · first_building Monastery |
| 22:23 | preCoss · wall_segment Stone Wall x1 |
| 22:28 | preCoss · wall_segment Stone Wall x4 |
| 22:30 | andres.sojo2809 · wall_segment Stone Wall x1 |
| 23:17 | .:LUSHO:. · resign |
[ AI ANALYSIS · 1 CREDIT ]
What really happened in this match?
Wolo.gg analyzes every decision: build order, eco, micro, common mistakes by bracket. Personalized analysis on WhatsApp or Discord in 30 seconds.
Civ guide
Lithuanians
Perfil
Jugador #4368246